Map: Winter's Gate LE

Players

Reynor - Winner!

  • Race: Zerg Zerg
  • Spawn Location: 11:00

SpeCial

  • Race: Terran Terran
  • Spawn Location: 5:00

VOD

Have the link to the VOD?

Description

Time

  • Played on: Sept. 8, 2019, 3:16 p.m.
  • Length: 16:37
Show
View Real Time Build Order
Export as new Build Order

Reynor Zerg - Winner!

Build Orders: Hatch First, Brood Lord Corruptor 

Get SALT Encoding   

  12  0:00  Drone  
  13  0:12  Overlord  
  13  0:17  Drone  
  14  0:30  Drone  
  14  0:31  Drone  
  16  0:47  Hatchery  
  15  0:51  Drone  
  15  0:55  Drone  
  17  0:57  Drone  
  18  1:10  Extractor  
  17  1:13  Spawning Pool  
  17  1:16  Drone  
  17  1:19  Drone  
  18  1:27  Drone  
  19  1:39  Drone  
  20  1:49  Overlord  
  20  2:00  Zergling x4, Queen  
  24  2:01  Queen  
  26  2:10  Drone x2  
  28  2:21  Hatchery  
  27  2:24  Drone  
  27  2:26  Drone  
  29  2:35  Drone x2  
  31  2:37  Pneumatized Carapace  
  31  2:42  Queen  
  33  2:49  Overlord  
  33  2:50  Drone  
  33  2:53  Drone  
  33  2:55  Drone  
  35  3:08  Drone x2  
  35  3:10  Drone x3  
  40  3:14  Overlord  
  40  3:17  Metabolic Boost, Drone  
  41  3:22  Queen  
  43  3:29  Overlord  
  43  3:32  Drone  
  44  3:36  Drone  
  44  3:37  Drone  
  44  3:38  Zergling x2  
  47  3:42  Queen  
  47  3:47  Zergling x6  
  52  3:49  Drone x2  
  52  3:52  Overlord  
  53  3:57  Zergling x4  
  53  3:58  Drone x2  
  53  4:02  Drone  
  58  4:04  Queen  
  58  4:07  Overlord  
  58  4:09  Drone  
  61  4:11  Drone  
  61  4:13  Drone  
  61  4:15  Drone x2  
  65  4:20  Zergling x2  
  65  4:21  Spore Crawler  
  65  4:25  Overlord  
  65  4:26  Zergling x4  
  65  4:28  Drone  
  65  4:30  Spore Crawler  
  66  4:41  Drone x5  
  66  4:46  Zergling x6  
  66  4:49  Drone  
  66  4:50  Drone  
  66  4:52  Drone  
  70  4:59  Evolution Chamber, Drone  
  70  5:00  Evolution Chamber, Drone  
  70  5:03  Drone  
  71  5:13  Overlord  
  71  5:14  Drone x5  
  73  5:18  Drone  
  73  5:19  Drone x2  
  73  5:20  Extractor  
  77  5:21  Extractor  
  77  5:23  Overlord  
  77  5:27  Zergling x4  
  78  5:28  Zerg Ground Armor Level 1  
  78  5:29  Zerg Melee Weapons Level 1  
  78  5:30  Drone x2  
  78  5:31  Drone  
  78  5:33  Drone  
  82  5:37  Drone  
  82  5:41  Lair  
  82  5:42  Drone x2  
  85  5:43  Hatchery, Drone x2  
  85  5:45  Zergling x2  
  85  5:48  Drone  
  88  5:50  Extractor  
  88  5:51  Extractor, Drone x4  
  88  5:53  Baneling Nest  
  88  5:56  Zergling x2  
  90  5:58  Zergling x8  
  90  6:01  Zergling x2  
  95  6:09  Overlord x2  
  95  6:10  Zergling x2  
  95  6:11  Zergling x4  
  98  6:15  Overlord  
  97  6:21  Extractor  
  97  6:22  Drone  
  97  6:25  Overlord  
  97  6:29  Zergling x14  
  97  6:31  Zergling x2  
  102  6:37  Queen  
  102  6:39  Baneling x10  
  104  6:41  Zergling x10  
  104  6:44  Centrifical Hooks  
  110  6:47  Drone  
  110  6:50  Zergling x2, Hydralisk Den  
  110  6:51  Zergling x2  
  105  6:55  Drone x2  
  105  6:56  Drone x2  
  106  7:01  Zergling x8  
  106  7:04  Zergling x4  
  108  7:09  Zergling x8  
  108  7:10  Overseer  
  108  7:13  Drone  
  113  7:19  Baneling x6  
  113  7:20  Zergling x4  
  113  7:21  Overlord  
  113  7:22  Zergling x2  
  116  7:24  Zerg Ground Armor Level 2  
  116  7:25  Zerg Melee Weapons Level 2  
  116  7:26  Drone x4  
  116  7:27  Drone  
  115  7:36  Zergling x10  
  111  7:38  Zergling x2  
  111  7:41  Hydralisk  
  111  7:42  Muscular Augments  
  111  7:43  Hydralisk x2  
  116  7:45  Hydralisk, Zergling x2  
  116  7:47  Hydralisk x2  
  116  7:48  Zergling x4  
  125  7:53  Hydralisk  
  125  7:54  Zergling x8  
  125  7:58  Baneling x8  
  130  7:59  Hydralisk  
  130  8:00  Zergling x2  
  130  8:04  Zergling x8  
  137  8:06  Hydralisk  
  137  8:09  Zergling x4  
  135  8:13  Zergling x2  
  135  8:18  Queen, Zergling x2  
  134  8:21  Zergling x10  
  121  8:30  Infestation Pit  
  121  8:32  Zergling x20  
  123  8:37  Zergling x2  
  114  8:42  Hydralisk x2, Zergling x2  
  114  8:43  Baneling x4  
  117  8:49  Drone x4, Hatchery  
  117  8:50  Queen x2  
  124  8:55  Zergling x2  
  124  8:56  Zergling x4  
  124  9:00  Grooved Spines  
  124  9:02  Baneling x4  
  127  9:03  Zergling x6, Baneling  
  127  9:04  Zergling x8  
  127  9:08  Zergling x2  
  127  9:09  Zergling x2  
  136  9:11  Overlord x2  
  136  9:12  Overseer x2  
  136  9:13  Baneling x4  
  136  9:26  Hive  
  130  9:33  Zergling x12  
  130  9:34  Zergling x14  
  142  9:38  Drone x2  
  142  9:39  Extractor, Drone  
  142  9:41  Spire, Baneling x6  
  142  9:42  Hydralisk  
  142  9:45  Hydralisk x2, Overlord  
  145  9:50  Overlord  
  149  9:59  Baneling x4  
  148  10:10  Drone x3  
  148  10:11  Drone  
  152  10:17  Zergling x28  
  152  10:20  Overlord, Baneling x7  
  164  10:31  Hydralisk x3  
  164  10:32  Zergling x4  
  172  10:35  Baneling x2  
  172  10:36  Baneling x7  
  172  10:39  Zerg Ground Armor Level 3, Zerg Melee Weapons Level 3  
  172  10:41  Zergling x14  
  149  10:54  Zergling x20  
  149  10:56  Zergling x6  
  143  11:00  Viper  
  143  11:02  Viper  
  146  11:07  Zergling x6  
  149  11:16  Drone x3  
  149  11:17  Drone  
  149  11:18  Zergling x18, Extractor, Greater Spire  
  154  11:33  Hatchery  
  154  11:35  Zergling x2  
  154  11:36  Zergling x12  
  152  11:47  Drone x3  
  150  11:52  Corruptor x5, Hatchery  
  150  11:53  Corruptor x2  
  163  12:02  Queen  
  163  12:05  Drone x2  
  163  12:06  Drone  
  163  12:08  Queen  
  168  12:09  Extractor  
  168  12:10  Extractor  
  168  12:13  Corruptor  
  168  12:15  Overlord x2  
  168  12:17  Zergling x6  
  152  12:31  Drone  
  152  12:32  Drone x6  
  152  12:34  Overseer  
  161  12:37  Brood Lord x4  
  166  12:47  Overseer  
  166  12:49  Hydralisk  
  166  12:50  Zergling x16  
  173  12:52  Baneling  
  173  12:53  Baneling x3  
  162  13:07  Zergling x6  
  162  13:08  Zergling x12  
  162  13:11  Brood Lord  
  157  13:16  Brood Lord  
  149  13:22  Brood Lord  
  150  13:27  Drone  
  150  13:28  Drone x5  
  157  13:39  Baneling x4  
  157  13:40  Drone x3, Baneling  
  151  13:52  Hydralisk  
  151  13:53  Zergling x18  
  145  14:05  Zergling x18  
  149  14:12  Hydralisk, Zergling x2  
  149  14:13  Zergling x4  
  149  14:14  Zergling x10  
  157  14:22  Drone x2  
  157  14:23  Drone  
  158  14:28  Extractor  
  158  14:29  Extractor  
  158  14:30  Overlord  
  155  14:40  Drone x2  
  155  14:42  Spore Crawler  
  156  14:49  Baneling x11  
  156  14:51  Corruptor x4  
  164  14:54  Baneling  
  164  14:58  Zergling x4  
  166  15:00  Overlord, Baneling x3  
  166  15:04  Baneling x3  
  166  15:12  Overlord  
  163  15:15  Baneling x2  
  163  15:16  Baneling  
  163  15:18  Baneling x4  
  163  15:20  Drone x3  
  163  15:21  Drone x3  
  167  15:22  Brood Lord x2  
  172  15:29  Drone  
  172  15:33  Brood Lord x2  
  172  15:34  Hydralisk x2  
  181  15:37  Overseer  
  181  15:39  Overseer  
  181  15:41  Overlord  
  181  15:43  Hatchery  
  181  15:48  Zergling x20  
  180  15:52  Corruptor  
  182  16:02  Corruptor x3  
  187  16:07  Zergling x2  
  187  16:08  Zergling x4  
  189  16:12  Overlord  
  189  16:18  Zergling x6  
Show
View Real Time Build Order
Export as new Build Order

SpeCial Terran 

Build Orders: Liberator Opening, Reaper Expand 

Get SALT Encoding   

  12  0:00  SCV  
  13  0:13  SCV  
  14  0:16  Supply Depot  
  14  0:25  SCV  
  15  0:38  SCV  
  15  0:40  Barracks  
  16  0:43  Refinery  
  16  0:50  SCV  
  17  1:02  SCV  
  18  1:14  SCV  
  19  1:27  Reaper  
  19  1:28  Orbital Command  
  20  1:39  Command Center  
  20  1:51  Supply Depot  
  20  1:53  SCV  
  21  1:59  Marine  
  22  2:05  Factory  
  22  2:07  SCV  
  23  2:14  Refinery  
  23  2:19  SCV  
  23  2:20  Barracks Reactor  
  24  2:31  SCV  
  25  2:43  SCV  
  26  2:49  Starport  
  26  2:52  Orbital Command  
  26  2:55  SCV  
  27  3:03  Hellion x2  
  27  3:04  Marine  
  32  3:07  SCV  
  32  3:11  Liberator  
  33  3:17  SCV  
  33  3:19  SCV  
  35  3:23  Barracks Tech Lab  
  35  3:24  Hellion  
  35  3:25  Hellion  
  35  3:26  Supply Depot  
  39  3:31  SCV  
  39  3:33  SCV  
  44  3:43  SCV  
  44  3:45  SCV  
  50  3:48  Hellion x2  
  50  3:49  Stimpack, Supply Depot  
  51  3:55  SCV  
  51  3:57  SCV  
  51  3:58  Marine  
  53  4:07  SCV  
  54  4:11  SCV  
  54  4:16  Command Center  
  55  4:19  SCV  
  55  4:23  SCV  
  57  4:24  Supply Depot  
  57  4:30  Factory Tech Lab, Starport Reactor  
  57  4:33  Barracks  
  57  4:34  SCV  
  57  4:35  SCV  
  57  4:37  Barracks  
  57  4:39  Marine  
  53  4:46  SCV  
  53  4:47  SCV  
  53  4:52  Supply Depot  
  49  4:57  Marine, Engineering Bay x2  
  49  4:58  SCV  
  49  4:59  SCV  
  52  5:09  Refinery x2  
  52  5:10  SCV  
  52  5:11  SCV  
  52  5:13  Starport Reactor  
  54  5:15  Marine  
  54  5:20  Marine x2  
  57  5:21  Widow Mine  
  57  5:23  SCV  
  57  5:24  SCV  
  57  5:25  Barracks x2, Terran Infantry Armor Level 1, Terran Infantry Weapons Level 1  
  61  5:30  Orbital Command  
  61  5:34  Marine x3  
  64  5:36  Combat Shield  
  64  5:38  Marine  
  64  5:39  SCV  
  64  5:41  SCV  
  67  5:45  Marine  
  67  5:49  Supply Depot  
  68  5:52  Marine x3, Medivac  
  68  5:53  Orbital Command  
  68  5:54  Medivac  
  75  5:58  SCV  
  75  5:59  SCV  
  75  6:03  Marine x2  
  79  6:10  Marine x2, SCV  
  79  6:11  Siege Tank, SCV, Supply Depot  
  86  6:15  Marine  
  89  6:19  Barracks Reactor  
  89  6:20  Barracks Reactor  
  89  6:21  SCV  
  89  6:22  SCV  
  89  6:23  SCV  
  90  6:26  Medivac x2  
  90  6:32  Marine x3  
  94  6:33  Marine, SCV  
  94  6:34  Marine  
  94  6:36  SCV x2  
  102  6:40  Engineering Bay  
  102  6:43  Siege Tank  
  100  6:48  SCV  
  100  6:50  Marine, Armory  
  100  6:53  SCV x2  
  99  6:56  Marine x3  
  99  6:57  Marine x2  
  99  6:58  Marine x2  
  99  6:59  Supply Depot  
  99  7:00  SCV  
  97  7:03  Marine  
  97  7:05  SCV x2  
  97  7:08  Marine  
  101  7:14  Marine x3  
  101  7:15  Marine, SCV  
  105  7:16  Marine  
  105  7:17  Marine  
  105  7:18  Marine  
  105  7:22  Supply Depot  
  109  7:25  Marine, SCV x2  
  109  7:26  Marine  
  109  7:27  SCV  
  114  7:31  Marine x2  
  114  7:34  Siege Tank  
  112  7:37  SCV  
  112  7:39  Marine x2  
  112  7:40  Marine x3  
  112  7:41  SCV x2  
  112  7:43  Marine x2  
  118  7:48  Terran Infantry Weapons Level 2  
  118  7:49  Marine, SCV  
  118  7:50  Marine  
  121  7:55  Terran Infantry Armor Level 2  
  121  7:57  Marine x4  
  125  8:07  Marine  
  125  8:08  Marine x2  
  125  8:12  Supply Depot  
  125  8:18  Marine x2  
  125  8:19  Marine, SCV  
  125  8:20  Marine x3, SCV x2  
  125  8:25  Marine  
  125  8:26  Marine x2  
  103  8:31  SCV  
  103  8:32  SCV  
  103  8:33  Medivac x2  
  103  8:35  Marine, SCV  
  103  8:36  Marine  
  103  8:37  Marine x2  
  103  8:38  Marine x2  
  102  8:45  Marine x3, Refinery  
  102  8:46  Siege Tank  
  110  8:52  Command Center  
  110  8:53  Marine  
  110  8:54  Marine  
  110  8:55  Marine x3  
  111  8:56  Marine  
  114  9:02  Marine  
  114  9:03  Marine x2  
  114  9:09  Factory, Drilling Claws  
  117  9:11  Marine  
  117  9:12  Marine x2, Refinery  
  117  9:13  Marine x3  
  127  9:18  Sensor Tower  
  127  9:20  Marine  
  127  9:21  Marine x2, SCV x3, Supply Depot  
  133  9:24  Supply Depot  
  133  9:29  Marine  
  133  9:30  Marine x2  
  133  9:31  Marine x3  
  134  9:36  Medivac x2  
  134  9:37  Siege Tank  
  137  9:38  Marine x3  
  140  9:47  Marine x2  
  140  9:48  Marine  
  140  9:49  Marine x3, Terran Vehicle And Ship Armor Level 1, Supply Depot  
  146  9:56  Marine x2  
  146  9:57  Marauder  
  150  10:05  Marine x2, SCV x2, Factory Reactor  
  150  10:06  Marine x2, Medivac x2  
  159  10:07  Marine x2  
  159  10:09  Siege Tank  
  159  10:14  Marine x2  
  165  10:18  SCV x3, Marauder  
  172  10:22  Marine, Supply Depot  
  172  10:23  Marine, Supply Depot  
  172  10:24  Marine x2  
  172  10:25  Marine x2  
  178  10:32  Marine x2  
  180  10:40  Medivac  
  180  10:42  Marine x2  
  180  10:44  Marine x4, Marauder  
  180  10:48  SCV  
  180  10:49  Marine  
  153  10:50  Marine  
  153  10:56  Siege Tank, Widow Mine  
  132  11:00  Marine x2, Medivac  
  132  11:01  Marine x4  
  132  11:03  SCV  
  132  11:04  SCV x2  
  138  11:05  Marauder  
  138  11:06  Planetary Fortress  
  138  11:07  Marine x2  
  138  11:10  Medivac  
  144  11:16  SCV, Widow Mine  
  144  11:18  Marine x2  
  147  11:19  Marine x4  
  147  11:25  Marine x2, Barracks x2  
  154  11:26  Marine  
  154  11:36  Marine x2  
  154  11:37  Marine x4  
  157  11:41  Terran Infantry Weapons Level 3  
  157  11:43  Marine x2  
  157  11:44  Marine  
  151  11:50  Widow Mine x2  
  151  11:54  Marine x2  
  157  11:55  Marine  
  157  12:01  Marine x2, Sensor Tower  
  160  12:02  Marine x2, Marauder  
  160  12:03  Marine  
  163  12:11  Marine  
  163  12:12  Marine, Siege Tank, Widow Mine x2  
  163  12:14  Medivac  
  169  12:16  Marine  
  169  12:19  Terran Infantry Armor Level 3  
  169  12:20  Marine x2  
  169  12:21  Marine  
  173  12:23  Marine  
  173  12:24  Marauder  
  173  12:26  Marine  
  177  12:33  Barracks Tech Lab x2  
  177  12:38  Marine, Starport x2  
  177  12:42  Marine x2  
  177  12:43  Marine  
  180  12:45  Viking x2  
  180  12:46  Widow Mine  
  186  12:55  Marine x2  
  186  12:56  Marine x2  
  174  13:00  Marine x2  
  170  13:07  Marine  
  170  13:10  Marine  
  146  13:22  Marine x3, Marauder  
  146  13:23  Medivac  
  146  13:24  Starport Reactor, Medivac  
  146  13:25  Marine x3, Starport Tech Lab  
  153  13:27  Marine x3  
  153  13:28  Marine  
  150  13:35  Command Center  
  150  13:37  Widow Mine x2  
  150  13:39  Marine  
  150  13:40  Marine x2  
  157  13:43  Marine x4  
  157  13:44  Viking  
  157  13:45  Marine  
  163  13:51  Marine x3  
  160  13:57  Marine x2, Viking x2  
  160  13:58  Marine  
  156  14:04  Marine  
  156  14:05  Marine  
  156  14:07  Marine x2  
  130  14:13  Viking x2  
  130  14:14  Marine, Viking  
  130  14:15  Marine  
  127  14:17  Liberator  
  127  14:18  Widow Mine  
  127  14:21  Widow Mine  
  127  14:23  Marine, Widow Mine  
  127  14:24  Marine x2  
  134  14:25  Marine  
  134  14:27  Viking  
  134  14:28  Marine x2  
  141  14:32  Marine x2  
  141  14:36  Marine  
  141  14:37  Marine  
  141  14:38  Marine  
  149  14:40  Liberator  
  149  14:41  Marine  
  149  14:42  Marine x2  
  149  14:43  Marine  
  153  14:47  Marine  
  153  14:50  Marine  
  153  14:51  Marine  
  153  14:52  Marine, Medivac x2, Widow Mine x2  
  163  14:58  Marine  
  163  14:59  Marauder  
  171  15:00  Orbital Command  
  171  15:08  Marine  
  171  15:09  Marauder  
  171  15:12  SCV x2  
  176  15:14  Planetary Fortress  
  176  15:15  Liberator  
  176  15:16  Marine x2  
  176  15:17  Marauder  
  176  15:18  Liberator  
  176  15:20  Marauder  
  176  15:21  Bunker  
  182  15:24  Marine x3, SCV  
  182  15:25  Marine  
  187  15:30  Marauder  
  192  15:39  Fusion Core  
  195  15:47  Marine, Marauder  
  195  15:48  Marine  
  179  15:51  Marine  
  179  15:52  Marauder  
  179  15:54  Marine x3, Marauder  
  183  15:57  Marine x2  
  185  16:05  Marine  
  185  16:06  Marine  
  185  16:09  Marine, Marauder  
  182  16:12  Marine x3  
  182  16:13  Marine  
  182  16:15  Marine x3  
Tags
 
Add a new tag
Caveats
  • Supply blocks, unpowered buildings, or Contaminate may cause inaccurate times.
  • Supply counts are checked every 10 seconds.